 Dungeon Crawl Stone Soup version 0.29.1-1-gd02db6906a (webtiles) character file.

Game seed: 3947718904431532694

9455 FastidiousMonk the Fighter (level 11, -13/117 HPs)
             Began as a Minotaur Berserker on Oct 3, 2022.
             Was a Priest of Trog.
             Mangled by a catoblepas (14 damage)
             ... while petrified by a catoblepas
             ... on level 10 of the Dungeon.
             The game lasted 01:50:53 (16874 turns).

FastidiousMonk the Fighter (Minotaur Berserker)    Turns: 16874, Time: 01:50:53

Health: -13/117    AC:  9    Str: 26    XL:     11   Next: 23%
Magic:  3/3        EV:  2    Int:  4    God:    Trog [***...]
Gold:   413        SH:  0    Dex: 10    Spells: 10/10 levels left

rFire   . . .      SeeInvis .   a - +0 glaive (antimagic)
rCold   . . .      Faith    .   (shield currently unavailable)
rNeg    + + +      Spirit   .   L - +0 scale mail
rPois   ∞          Reflect  .   (helmet restricted)
rElec   .          Harm     .   r - +0 cloak
rCorr   .          Rampage  .   (no gloves)
Will    +....                   (no boots)
Stlth   ..........              (no amulet)
HPRegen 0.29/turn               x - ring of positive energy
MPRegen 0.08/turn               G - ring of willpower

@: petrified, on berserk cooldown, slowed
A: horns 2, retaliatory headbutt, robust 1, noise suppression
a: Renounce Religion, Berserk, Trog's Hand


You were on level 10 of the Dungeon.
You worshipped Trog.
Trog was most pleased with you.
You visited 2 branches of the dungeon, and saw 11 of its levels.

You collected 713 gold pieces.
You spent 300 gold pieces at shops.

Inventory:

Hand Weapons
 a - a +0 antimagic glaive (weapon)
 b - a +0 sling
 n - a +0 arbalest
 B - a +2 dagger of electrocution
 K - a +1 whip of venom
 M - a +1 flail of holy wrath
 O - a +1 vampiric whip
 R - a +5 hand axe
 U - a +5 spear
 V - a +4 short sword of freezing
Missiles
 q - 72 stones
 y - 4 curare-tipped darts
 H - 36 poisoned darts
 J - 2 javelins
 P - 9 boomerangs
Armour
 r - a +0 cloak (worn)
 L - a +0 scale mail (worn)
 Q - a +0 buckler
Jewellery
 f - a +4 ring of evasion
 x - a ring of positive energy (left hand)
 G - a ring of willpower (right hand)
 I - a ring of protection from cold
Wands
 w - a wand of flame (50)
Scrolls
 c - 2 scrolls of magic mapping
 d - 4 scrolls of teleportation
 e - a scroll of blinking
 h - a scroll of poison {unknown}
 l - a scroll of torment {unknown}
 m - a scroll of silence {unknown}
 o - 2 scrolls of amnesia {unknown}
 D - a scroll of enchant armour {unknown}
 F - 4 scrolls of fog {unknown}
 S - a scroll of enchant weapon {unknown}
 T - a scroll of fear {unknown}
Potions
 g - 3 potions of mutation
 i - a potion of invisibility {unknown}
 j - 3 potions of curing
 k - 2 potions of berserk rage
 p - 4 potions of brilliance
 s - 3 potions of lignification
 t - 3 potions of haste
 u - a potion of degeneration {unknown}
 v - 4 potions of heal wounds
 z - 3 potions of cancellation
 C - 2 potions of flight
 E - a potion of resistance {unknown}
 N - 2 potions of attraction {unknown}


   Skills:
 - Level 13.0 Fighting
 * Level 8.2(9.4) Axes
 + Level 3.7(6.4) Maces & Flails
 - Level 6.0(8.0) Polearms
 + Level 2.9 Ranged Weapons
 - Level 2.2 Throwing
 + Level 9.0 Armour
 - Level 6.0 Dodging
 - Level 5.1 Evocations


You had 10 spell levels left.
You didn't know any spells.
Your spell library contained the following spells:

 Spells                   Type           Power      Damage    Failure   Level
 Necrotise                Necr           0%         1d4       75%         1
 Shock                    Conj/Air       0%         1d3       75%         1
 Blink                    Tloc           0%         N/A       86%         2
 Static Discharge         Conj/Air       0%         3-3/arc   86%         2
 Sublimation of Blood     Necr           0%         N/A       86%         2
 Wereblood                Tmut           0%         N/A       86%         2
 Conjure Flame            Conj/Fire      0%         6-21      98%         3
 Ignite Poison            Fire/Tmut/Pois 0%         N/A       98%         3
 Vampiric Draining        Necr           0%         2d6       98%         3
 Petrify                  Tmut/Erth      0%         N/A       100%        4
 Sticky Flame             Conj/Fire      0%         2d3       100%        4
 Agony                    Necr           0%         N/A       100%        5
 Fireball                 Conj/Fire      0%         3d3       100%        5
 Lightning Bolt           Conj/Air       0%         1d11      100%        5
 Manifold Assault         Tloc           0%         N/A       100%        5
 Metabolic Englaciation   Hex/Ice        0%         N/A       100%        5
 Statue Form              Tmut/Erth      0%         N/A       100%        6
 Storm Form               Tmut/Air       0%         N/A       100%        7
 Summon Hydra             Summ           0%         N/A       100%        7
 Ignition                 Fire           0%         3d3       100%        8
 Maxwell's Capacitive Co  Air            0%         ∞         100%        8


Dungeon Overview and Level Annotations

Branches:
Dungeon (10/15)            Temple (1/1) D:5
   Lair: D:8-11         Orc: D:9-12

Altars:
Ashenzari
Cheibriados
Dithmenos
Elyvilon
Fedhas
Gozag
Hepliaklqana
Kikubaaqudgha
Makhleb
Nemelex Xobeh
Okawaru
Qazlal
Ru
Sif Muna
Trog
Uskayaw
Vehumet
Wu Jian
Xom
Yredelemnul
Zin
The Shining One
Lugonu

Shops:
D:5 (=

Annotations:
D:3 Altars-Dithmenos,Cheibriados,UnknownGod,WuJianCouncil
D:4 Altars-Vehumet,Yredelemnul
D:5 EcumenicalTemple,2Shop,Altars-Uskayaw,Trog,Ru,Fedhas,Elyvilon, D:6 Altars-Makhleb, D:7 Altars-Qazlal, D:8 2Transporter,Altars-Xom, D:10 RunedDoor,Altars-NemelexXobeh, Temple SomeCorrupted


Innate Abilities, Weirdness & Mutations

You have a pair of horns on your head.
You reflexively headbutt those who attack you in melee.
You are robust. (+10% HP)
You passively dampen the noise of your surroundings.


Message History

The kobold demonologist mumbles some strange words.
The gnoll sergeant hits you from afar with a +0 trident.
* * * LOW HITPOINT WARNING * * *
The wraith hits you!
* * * LOW HITPOINT WARNING * * *
The wraith drains your vigour!
You feel as though you will be slow longer.
The wraith hits you but does no damage.
The gnoll sergeant hits you from afar with a +0 trident!
* * * LOW HITPOINT WARNING * * *
The catoblepas breathes a plume of calcifying dust at you.
The blast of calcifying dust hits you.
* * * LOW HITPOINT WARNING * * *
The crimson imp blinks!
You are engulfed in calcifying dust.
The crimson imp hits you but does no damage.
The wraith hits you but does no damage.
The gnoll sergeant hits you from afar with a +0 trident!
* * * LOW HITPOINT WARNING * * *
The catoblepas gores you but does no damage.
You are engulfed in calcifying dust.
The crimson imp hits you but does no damage.
The wraith hits you but does no damage.
The gnoll sergeant hits you from afar with a +0 trident.
* * * LOW HITPOINT WARNING * * *
The catoblepas gores you!!
* * * LOW HITPOINT WARNING * * *
You are engulfed in calcifying dust.
The crimson imp barely misses you. The wraith barely misses you.
The gnoll sergeant hits you from afar with a +0 trident.
The catoblepas breathes a plume of calcifying dust at you.
The blast of calcifying dust hits you but does no damage.
You are engulfed in calcifying dust.
The crimson imp shouts, "Escape, thou gorbellied dismal-dreaming erk!"
The crimson imp hits you but does no damage.
The wraith hits you.
* * * LOW HITPOINT WARNING * * *
The gnoll sergeant hits you from afar with a +0 trident.
The catoblepas gores you!!
You die...

#..#######..............####
#..........###..........#...
#.........##.'#.#####...#...
#........##...###...##..#...
#....#####...## .... ##.'...
#...##......###..... #.#...
#..##......##g45.... #.#...
#..#.......#YK# #.#...
#..#......5@W## ##.####
#..#......§### ##......
#..##....§## #.......
####...##...# #.......
#.......#### #.......
#.......#[) #.......
#.......#)! ##......
#.......## ##.....
##......## #.....


You could see a catoblepas, a rust devil (summoned), a kobold demonologist, a
wraith, a gnoll sergeant and 2 crimson imps.

Vanquished Creatures
  3 two-headed ogres
  Pikel (D:3)
  Maurice (D:8)
  A kobold demonologist (D:10)
  A hornet (D:9)
  A wyvern (D:7)
  4 yaks (D:10)
  2 steam dragons
  2 vampire mosquitoes (D:10)
  Duvessa (D:5)
  2 water moccasins (D:8)
  6 orc warriors
  3 black bears
  An ice beast (D:8)
  A sky beast (D:7)
  3 ogres
  5 centaurs
  A phantom (D:6)
  A lemure (D:4)
  3 kobold brigands
  A necrophage (D:6)
  3 scorpions
  4 bullfrogs
  A gnoll sergeant (D:9)
  3 wights (D:9)
  Dowan (D:5)
  18 killer bees
  2 vampire bats (D:6)
  4 howler monkeys
  A bullfrog zombie (D:4)
  4 hounds
  2 jellies
  7 orc priests
  4 gnoll boudas
  4 iguanas
  3 orc wizards
  A mummy (D:6)
  13 adders
  21 gnolls
  A shadow imp (D:8)
  2 white imps (D:7)
  An ufetubus (D:6)
  An adder zombie (D:4)
  A worm (D:2)
  3 dart slugs
  37 orcs
  A bat skeleton (D:6)
  3 bat zombies (D:6)
  3 endoplasms
  10 hobgoblins
  4 jackals (D:3)
  2 quokkas (D:2)
  8 ball pythons
  6 bats
  5 frilled lizards
  6 goblins
  18 kobolds
  2 kobold zombies (D:6)
  2 orc zombies (D:6)
  7 rats
263 creatures vanquished.

Vanquished Creatures (others)
  5 fungi (D:8)
  2 plants (D:5)
7 creatures vanquished.

Grand Total: 270 creatures vanquished

Notes
Turn   | Place    | Note
-------+----------+-------------------------------------------
     0 | D:1      | FastidiousMonk the Minotaur Berserker began the quest for
                  | the Orb.
     0 | D:1      | Reached XP level 1. HP: 19/19 MP: 0/0
   121 | D:1      | Reached skill level 4 in Fighting
   221 | D:1      | Reached XP level 2. HP: 25/28 MP: 1/1
   790 | D:2      | Reached skill level 5 in Fighting
  1085 | D:2      | Reached XP level 3. HP: 32/36 MP: 2/2
  1341 | D:2      | Reached skill level 6 in Fighting
  1341 | D:2      | Reached XP level 4. HP: 22/44 MP: 3/3
  1438 | D:2      | Reached ** piety under Trog
  2866 | D:3      | Reached skill level 7 in Fighting
  2866 | D:3      | Reached XP level 5. HP: 52/52 MP: 4/4
  3350 | D:3      | Found a snail-covered altar of Cheibriados.
  3350 | D:3      | Found a shadowy altar of Dithmenos.
  3619 | D:3      | Reached skill level 8 in Fighting
  3739 | D:3      | Found a faded altar of an unknown god.
  3903 | D:4      | Found a radiant altar of Vehumet.
  3993 | D:4      | Reached XP level 6. HP: 62/62 MP: 5/5
  4351 | D:4      | Noticed Pikel
  4380 | D:3      | Found an ornate altar of the Wu Jian Council.
  4386 | D:3      | Gained mutation: You are robust. (+10% HP) [potion of
                  | mutation]
  4386 | D:3      | Gained mutation: You passively dampen the noise of your
                  | surroundings. [potion of mutation]
  4390 | D:3      | Killed Pikel
  4391 | D:3      | Reached skill level 10 in Fighting
  4391 | D:3      | Reached XP level 7. HP: 13/80 MP: 6/6
  5239 | D:4      | Reached skill level 1 in Evocations
  5494 | D:4      | Reached skill level 5 in Polearms
  5494 | D:4      | Reached XP level 8. HP: 89/89 MP: 7/7
  5801 | D:4      | Found a basalt altar of Yredelemnul.
  6038 | D:5      | Entered Level 5 of the Dungeon
  6078 | D:5      | Found Vesink's Weapon Shop.
  6202 | D:5      | Reached *** piety under Trog
  6282 | D:5      | Found a hide-covered altar of Uskayaw.
  6330 | D:5      | Found a bloodstained altar of Trog.
  6546 | D:5      | Found a sacrificial altar of Ru.
  6584 | D:5      | Noticed Duvessa
  6584 | D:5      | Noticed Dowan
  6601 | D:5      | Killed Duvessa
  6604 | D:5      | Killed Dowan
  7174 | D:5      | Found Agysch's Jewellery Shoppe.
  7178 | D:5      | Bought a ring of willpower for 300 gold pieces
  7265 | D:5      | Found a blossoming altar of Fedhas.
  7367 | D:5      | Found a white marble altar of Elyvilon.
  7447 | D:5      | Found a staircase to the Ecumenical Temple.
  7456 | Temple   | Entered the Ecumenical Temple
  7906 | D:6      | Reached skill level 5 in Armour
  8010 | D:6      | Found a burning altar of Makhleb.
  8146 | D:6      | Reached skill level 5 in Dodging
  8456 | D:6      | Reached XP level 9. HP: 88/94 MP: 8/8
  8755 | D:6      | Found an ancient bone altar of Kikubaaqudgha.
  8965 | D:7      | Got Kounexul's Dissertation on the Flaming Welkin
  9041 | D:7      | Reached skill level 1 in Axes
  9148 | D:7      | Reached skill level 11 in Fighting
 10079 | D:7      | Reached **** piety under Trog
 10591 | D:7      | Found a broken altar of Ashenzari.
 10795 | D:7      | Found a stormy altar of Qazlal.
 10962 | D:8      | Noticed a two-headed ogre
 10983 | D:7      | Reached skill level 5 in Axes
 11004 | D:8      | Reached XP level 10. HP: 106/106 MP: 9/9
 11008 | D:8      | Killed a two-headed ogre
 11009 | D:8      | Reached skill level 12 in Fighting
 11009 | D:8      | Reached skill level 5 in Evocations
 12112 | D:8      | Noticed Maurice
 12473 | D:8      | Killed Maurice
 12620 | D:8      | Noticed a four-headed hydra
 12632 | D:8      | Found a shimmering altar of Xom.
 12632 | D:8      | Found a transporter.
 12660 | D:8      | Found a transporter.
 12684 | D:8      | Noticed a two-headed ogre
 13263 | D:8      | You fall into a shaft and drop 2 floors!
 13263 | D:10     | Entered Level 10 of the Dungeon
 13354 | D:10     | Reached skill level 1 in Throwing
 13565 | D:10     | Reached skill level 13 in Fighting
 13623 | D:10     | Found a sparkling altar of Nemelex Xobeh.
 13693 | D:10     | Found a runed translucent door.
 14154 | D:9      | Reached skill level 1 in Maces & Flails
 14737 | D:9      | Noticed a two-headed ogre
 14749 | D:9      | Killed a two-headed ogre
 14750 | D:9      | Reached skill level 1 in Ranged Weapons
 15366 | D:9      | Reached XP level 11. HP: 85/117 MP: 10/10
 16641 | D:10     | Found a runed translucent door.
 16847 | D:10     | Noticed a catoblepas
 16847 | D:10     | Noticed a two-headed ogre
 16854 | D:10     | Killed a two-headed ogre
 16872 | D:10     | HP: 1/117 [catoblepas (13)]
 16874 | D:10     | Mangled by a catoblepas

Illustrated notes

Levels and vault maps discovered:
D:1:      tarquinn_simple_flora_water_b, layout_loops_ring
D:2:      layout_loops_ring
D:3:      layout_loops_ring, nicolae_overflow_ecumenical_swirl,
          gammafunk_temple_overflow_statue
D:4:      layout_basic, vehumet_altar_wand_db, lemuel_zombie_altar_yredelemnul,
          uniq_pikel
D:5:      layout_basic, marbit_many_paths, fedhas_ov_isle_minmay,
          mainiacjoe_overflow_alcove_1, mainiacjoe_overflow_catch_the_wave,
          minmay_temple_entry_antechambers, serial_glass, glass_columns_a,
          glass_columns_a, serial_shops, shop, shop_statue, saegor_snake_ambush,
          uniq_duvessa
D:6:      layout_loops_cross, lemuel_round_altar, kennysheep_vampire_church,
          nicolae_concentric_dashed_squares_wild, minmay_mini_ossuary
D:7:      layout_basic, kennysheep_mini_moat, ashenzari_conservatory_becter,
          minmay_checkerbox
D:8:      gammafunk_the_bubble [the_bubble_gammafunk_crates], layout_cave_pools,
          overflow_temple_1_default, serial_park, serial_park_square3
          [serial_park_minivault_5x5_7], serial_park_tiny_2, serial_park_tiny_1,
          serial_park_square3 [serial_park_minivault_5x5_6], item_on_display_a,
          uniq_maurice
D:9:      layout_basic
D:10:     cheibrodos_histonic, layout_irregular_city, kennysheep_mini
Temple:   corrupted_temple

Skill      XL: |  1  2  3  4  5  6  7  8  9 10 11 |
---------------+----------------------------------+-----
Fighting       | 4 5 6 7 8 10 11 13 | 13.0
Polearms       | 5 6 |  6.0
Evocations     | 1 2 4 5 |  5.1
Armour         | 6 8 9 |  9.0
Dodging        | 5 6 |  6.0
Axes           | 5 7 8 |  8.2
Throwing       | 2 |  2.2
Maces & Flails | 2 3 |  3.7
Ranged Weapons | 1 2 |  2.9

Action                   |  1- 3 |  4- 6 |  7- 9 | 10-12 || total
-------------------------+-------+-------+-------+-------++-------
Melee: Spear             |    75 |   131 |   422 |     8 ||   636
       Headbutt          |     6 |    17 |    74 |    59 ||   156
       Punch             |       |     1 |     2 |       ||     3
       Whip              |       |       |    20 |    62 ||    82
       Hand axe          |       |       |       |   136 ||   136
       Morningstar       |       |       |       |    56 ||    56
       Glaive            |       |       |       |    24 ||    24
 Fire: Sling             |    14 |    27 |    10 |     1 ||    52
Invok: Berserk           |       |     5 |    15 |    10 ||    30
       Trog's Hand       |       |       |       |     2 ||     2
  Use: Scroll            |       |     2 |     6 |     5 ||    13
       Potion            |       |     1 |       |       ||     1
Armor: Animal skin       |     1 |       |       |       ||     1
       Ring mail         |     8 |    24 |    78 |       ||   110
       Scale mail        |       |       |     7 |   100 ||   107
       Chain mail        |       |       |     6 |       ||     6
Dodge: Dodged            |    31 |    60 |   186 |   137 ||   414
Block: Buckler           |       |       |       |    19 ||    19
